 Dungeon Crawl Stone Soup version 0.31.0-12-g77e489cdc1 (webtiles) character file.

Game seed: 16884932256518863579

72 Doomgape the Trooper (level 4, -6/29 HPs)
             Began as a Gargoyle Fighter on Feb 28, 2024.
             Splashed by a jelly's acid (9 damage)
             ... on level 2 of the Dungeon.
             The game lasted 00:03:30 (1207 turns).

Doomgape the Trooper (Gargoyle Fighter)             Turns: 1207, Time: 00:03:31

Health: -6/29      AC:  6    Str: 21    XL:     4   Next: 25%
Magic:  4/4        EV:  9    Int:  9    God:
Gold:   88         SH:  5    Dex: 15    Spells: 3/3 levels left

rFire   . . .        a - +0 flail
rCold   . . .        c - +0 buckler
rNeg    + . .        b - +0 scale mail
rPois   ∞            (no helmet)
rElec   +            (no cloak)
rCorr   .            (no gloves)
SInv    .            (no boots)
Will    .....        (no amulet) Stlth
                     k - +6 ring of dexterity
HPRegen 0.24/turn    (no ring)
MPRegen 0.09/turn

%: no passive effects
@: corroded
A: sickness immunity, AC +3, negative energy resistance 1, electricity
resistance, torment resistance 1, petrification resistance
a: no special abilities


You were on level 2 of the Dungeon.
You visited 1 branch of the dungeon, and saw 2 of its levels.

You collected 88 gold pieces.

Inventory:

Hand Weapons
 a - a +0 flail (weapon)
Missiles
 m - 2 javelins (quivered)
Armour
 b - a +0 scale mail (worn)
 c - a +0 buckler (worn)
Jewellery
 k - a +6 ring of dexterity (left hand)
Scrolls
 f - a scroll of fear {unknown}
 g - a scroll of fog
 h - a scroll of immolation {unknown}
 j - a scroll of identify {unknown}
 o - a scroll of blinking {unknown}
Potions
 d - a potion of might
 e - 3 potions of curing {unknown}
 i - a potion of magic {unknown}
 l - a potion of ambrosia {unknown}
 n - a potion of cancellation {unknown}


   Skills:
 + Level 4.0 Fighting
 + Level 2.7 Maces & Flails
 + Level 3.9 Armour
 + Level 3.9 Shields


You had 3 spell levels left.
You didn't know any spells.
Your spell library was empty.

Dungeon Overview and Level Annotations

Branches:
Dungeon (2/15)

Altars:
Dithmenos
Nemelex Xobeh
Okawaru
Sif Muna
Yredelemnul
Zin

Shops:
D:1 *?**


Innate Abilities, Weirdness & Mutations

You are immune to sickness and miasma.
Your stone body is resilient. (AC +3)
You are immune to poison.
You resist negative energy. (rN+)
You are resistant to electric shocks. (rElec)
You are resistant to unholy torment.
You are immune to petrification.


Message History

The endoplasm hits the fungus.
The fungus begins to die.
Found a rat skeleton. 2 jellies and 5 endoplasms come into view.
Found five items.
Found six altars.
The endoplasm quivers. x3; The jelly quivers.
The jelly jiggles.
The endoplasm hits the toadstool but does no damage.
The endoplasm closely misses you. The endoplasm freezes you.
You are frozen.
There is an open door here.
The endoplasm completely misses the fungus.
Something hits the fungus.
The fungus begins to die.
The fungus is splashed with acid!
The acid corrodes the fungus!
You hit the endoplasm.
The endoplasm is moderately wounded.
The endoplasm barely misses you. The endoplasm freezes you.
You are frozen.
You hit the endoplasm but do no damage.
The endoplasm is moderately wounded.
The endoplasm misses you.
You hit the endoplasm.
The endoplasm is severely wounded.
The endoplasm hits you but does no damage.
You barely miss the endoplasm.
The endoplasm is severely wounded.
The endoplasm freezes you.
You are frozen.
You hit the jelly.
Your hands burn!
The jelly is lightly wounded.
You sock the jelly!
Your hands burn!
The jelly is severely wounded.
The jelly hits you. The acid corrodes you!
You are splashed with acid!
You hit the jelly.
Your hands burn!
* * * LOW HITPOINT WARNING * * *
The jelly is almost dead.
The jelly barely misses you. The jelly hits you.
* * * LOW HITPOINT WARNING * * *
You are splashed with acid!
You die...

.................................
.[.>.........#############.......
....############# #....... ###.#
#######.##....÷)##..[....
#.#####....#.#.#.P..÷.##.......
#)#.##.....#.#.#J.÷.J.##.).....
#)#.'......#'#.#P_.__÷##.......
#...'........#)#....÷.##.......
#...)........#@#J__÷J÷##.......
#...##.......#J#JJ.J..##.......
#..####...)..##JJ.JPPP##.......
#(.. ##########J..J..##.†.....
...... ########.)..... ........
.## #######.##### ......##.
...######.......##### ......# ...
.............####.... ..
#..........# #....


You could see 2 jellies and an endoplasm.

Vanquished Creatures
  An adder (D:2)
  A dart slug (D:1)
  A ribbon worm (D:2)
  2 ball pythons (D:1)
  4 endoplasms
  2 giant cockroaches (D:2)
  4 goblins
  5 hobgoblins
  7 jackals (D:1)
  13 kobolds
  4 quokkas
  2 bats (D:1)
  2 frilled lizards
  2 rats
50 creatures vanquished.

Notes
Turn   | Place    | Note
-------+----------+-------------------------------------------
     0 | D:1      | Doomgape the Gargoyle Fighter began the quest for the Orb.
     0 | D:1      | Reached XP level 1. HP: 14/14 MP: 1/1
    84 | D:1      | Reached XP level 2. HP: 6/19 MP: 2/2
   203 | D:1      | Found Yziust's Magic Scroll Boutique.
   232 | D:1      | Reached XP level 3. HP: 23/23 MP: 3/3
   258 | D:1      | Found Ephyhas's General Store.
   488 | D:1      | Found Plog's General Store.
   511 | D:1      | Found Hueqotz's Assorted Antiques.
  1041 | D:2      | Reached XP level 4. HP: 22/29 MP: 4/4
  1085 | D:2      | Identified the +0 leather armour of Baex {Fly rC- Regen+
                  | rCorr}
  1143 | D:2      | Reached skill level 4 in Fighting
  1197 | D:2      | Found a sparkling altar of Nemelex Xobeh.
  1197 | D:2      | Found an iron altar of Okawaru.
  1197 | D:2      | Found a basalt altar of Yredelemnul.
  1197 | D:2      | Found a glowing silver altar of Zin.
  1197 | D:2      | Found a shadowy altar of Dithmenos.
  1197 | D:2      | Found a shimmering blue altar of Sif Muna.
  1207 | D:2      | Splashed by a jelly's acid

Illustrated notes

Levels and vault maps discovered:
D:1:      amcnicky_arrival_feature_with_door, layout_loops_ring, serial_shops,
          nicolae_shop_overgrown_old_shop, shop, shop,
          nicolae_shop_advertising_works [nicolae_subvault_shop_adworks],
          minmay_pentomino_u2
D:2:      cheibrodos_fertilizer, layout_basic, basic_altar

Skill      XL: |  1  2  3  4 |
---------------+-------------+-----
Fighting       | 4 |  4.0
Maces & Flails | |  2.7
Armour         | |  3.9
Shields        | |  3.9

Action                     |  1- 3 |  4- 6 || total
---------------------------+-------+-------++-------
  Melee: Flail             |   128 |    30 ||   158
    Use: Scroll            |     1 |       ||     1
 Armour: Scale mail        |    95 |    19 ||   114
  Dodge: Dodged            |    60 |    10 ||    70
  Block: Buckler           |    32 |     5 ||    37
